 Dungeon Crawl Stone Soup version 0.27-a0-1181-g5f64966fcc (webtiles) character file.

Game seed: 15433953934259053242

35 Sobieck the Skirmisher (level 3, -1/29 HPs)
             Began as a Demonspawn Fighter on May 17, 2021.
             Succumbed to a goblin's poison
             ... on level 1 of the Dungeon.
             The game lasted 00:01:30 (730 turns).

Sobieck the Skirmisher (Demonspawn Fighter)          Turns: 730, Time: 00:01:30

Health: -1/29      AC:  7    Str: 17    XL:     3   Next: 17%
Magic:  3/3        EV:  7    Int:  9    God:
Gold:   17         SH:  9    Dex: 12    Spells: 2/2 levels left

rFire    . . .     SeeInvis .   a - +0 war axe {axe}
rCold    . . .     Faith    .   c - +0 kite shield
rNeg     . . .     Spirit   .   b - +0 scale mail
rPois    .         Reflect  .   (helmet restricted)
rElec    .         Harm     .   i - +0 cloak
rCorr    .         Rampage  .   (no gloves)
Will     .....                  (no boots)
Stlth    ..........             (no amulet)
HPRegen  0.09/turn              (no ring)
MPRegen  0.08/turn              (no ring)

@: lethally poisoned (-1 -> -20)
A: antennae 1, hooves 1
a: no special abilities


You were on level 1 of the Dungeon.
You visited 1 branch of the dungeon, and saw 2 of its levels.

You collected 17 gold pieces.


Innate Abilities, Weirdness & Mutations

You have a pair of small antennae on your head.
You have large cloven feet.


   Skills:
 + Level 3.3 Fighting
 * Level 2.4 Axes
 + Level 3.0 Armour
 + Level 3.0 Shields


You had 2 spell levels left.
You didn't know any spells.
Your spell library was empty.

Inventory:

Hand Weapons
 a - a +0 war axe (weapon) {axe}
Missiles
 f - 20 stones (quivered) {throwing}
Armour
 b - a +0 scale mail (worn)
 c - a +0 kite shield (worn)
 i - a +0 cloak (worn)
   (You found it on level 1 of the Dungeon)
Scrolls
 e - a scroll of amnesia {unknown}
 g - a scroll of fear {unknown}
 h - a scroll of enchant weapon {unknown}
Potions
 d - a potion of might

Dungeon Overview and Level Annotations

Branches:
Dungeon (2/15)

Altars:

#...#
###.#..#........#
#...#
#.#...........####
#...#
#.....#######.....
#...# #.....#
###### #...#
###.....### ##
#...# ##⌠.⌠..#....
.. #............
..
####..._........
..
.......@r.......
##
.....⌠.†g.......
...............
...........####
.............
..............
...............
...............


You could see a quokka and a goblin.


Message History

You hit the jackal.
You kill the jackal!
No target in view!
No target in view!
You see here a jackal corpse.
You see here a jackal corpse.
You now have 17 gold pieces.
You see here a jackal corpse.
You open the door.
There is an open door here.
A bat comes into view.
The bat closely misses you. The bat barely misses you.
You hit the bat but do no damage. Your kick misses the bat.
The bat barely misses you. The bat hits you but does no damage.
Your scale mail prevents you from hitting the bat.
The bat hits you but does no damage. You block the bat's attack.
You closely miss the bat. You kick the bat. The bat closely misses you.
The bat hits you but does no damage.
You hit the bat.
You kill the bat!
No target in view!
No target in view!
You open the door.
There is an open door here.
Found a faded altar of an unknown god.
No target in view!
A hobgoblin comes into view.
The hobgoblin shouts!
You hear a shout!
There is a dry fountain here.
A goblin comes into view. It is wielding a +1 dagger of venom.
The goblin shouts!
A frilled lizard comes into view.
A ball python comes into view.
The hobgoblin barely misses you.
The frilled lizard hisses angrily.
The ball python hisses angrily.
You slash the hobgoblin!
You kill the hobgoblin!
A goblin comes into view. It is wielding a +0 dagger.
You have reached level 3!
Your experience leads to an increase in your attributes!
Increase (S)trength, (I)ntelligence, or (D)exterity?
You feel stronger.
Your demonic ancestry asserts itself...
A pair of antennae grows on your head! 😎 HP[+5] MP[+1]
You now have 29 max hp (+5).
Your hp is fully restored (29).
Your mp is fully restored (3).
The goblin shouts!
You hear a shout!
A hobgoblin comes into view. x2
A goblin comes into view. It is wielding a +0 dagger.
There is a faded altar of an unknown god here.
A frilled lizard comes into view.
The goblin shouts!
The frilled lizard hisses angrily.
A quokka comes into view.
You hit the ball python.
You kill the ball python!
You miss the goblin. You block the goblin's attack. x2
The frilled lizard closely misses you.
You slash the frilled lizard!
You kill the frilled lizard!
You closely miss the goblin. The goblin hits you but does no damage.
You are poisoned.
The goblin closely misses you.
You slash the hobgoblin!
You kill the hobgoblin!
You hit the goblin but do no damage. You hit the goblin.
You kill the goblin!
You feel sick. The goblin closely misses you.
Your Shields skill increases to level 3! 😕 HP[-2]
You take 2 damage, and now have 27/29 hp.
You barely miss the frilled lizard. You kick the frilled lizard.
You kill the frilled lizard!
You hit the goblin. You hit the hobgoblin.
You feel sick.
The goblin hits you with a +1 dagger of venom.
You are more poisoned.
You block the hobgoblin's attack. The quokka barely misses you.
The goblin hits you with a +1 dagger of venom.
You are lethally poisoned!
The hobgoblin hits you.
* * * LOW HITPOINT WARNING * * *
😨 HP[-13]
You take 13 damage, and now have 14/29 hp.
MASSIVE DAMAGE!! (PAUSE)
Your shield and scale mail prevent you from hitting the goblin.
You kick the goblin.
You kill the goblin!
You hit the hobgoblin.
You kill the hobgoblin!
You hit the quokka but do no damage.
* * * LOW HITPOINT WARNING * * *
You feel extremely sick. You block the quokka's attack.
The quokka bites you but does no damage.
You block the goblin's attack.
Your Armour skill increases to level 3! 😱 HP[-9]
You take 9 damage, and now have 5/29 hp.
MASSIVE DAMAGE!! (PAUSE)
You barely miss the goblin. You completely miss the quokka.
You die...

Skill      XL: |  1  2  3 |
---------------+----------+-----
Axes           | 2 |  2.4
Shields        | 3 |  3.0
Armour         | 3 |  3.0
Fighting       | |  3.3

Action                   || total
-------------------------++-------
Melee: War axe           ||    46
       Kick              ||     7
Throw: Stone             ||     2
Armor: Scale mail        ||    25
Dodge: Dodged            ||    19
Block: Kite shield       ||    28

Levels and vault maps discovered:
D:1:      psy_arrival_radial01, layout_basic, hellmonk_ecumenical_altar_run_dry
D:2:      layout_loops_ring, corexii_hall_statues_i, minmay_circle_x

Notes
Turn   | Place    | Note
-------+----------+-------------------------------------------
     0 | D:1      | Sobieck the Demonspawn Fighter began the quest for the Orb.
     0 | D:1      | Reached XP level 1. HP: 18/18 MP: 1/1
     0 | D:1      | magus.rc [v1.9.6]
   152 | D:1      | Reached skill level 2 in Axes
   260 | D:1      | You feel monstrous as your demonic heritage exerts itself.
   260 | D:1      | Gained mutation: You have large cloven feet. [demonic
                  | ancestry]
   260 | D:1      | Reached XP level 2. HP: 24/24 MP: 2/2
   714 | D:1      | Found a faded altar of an unknown god.
   723 | D:1      | Gained mutation: You have a pair of small antennae on your
                  | head. [demonic ancestry]
   723 | D:1      | Reached XP level 3. HP: 29/29 MP: 3/3
   728 | D:1      | Reached skill level 3 in Shields
   729 | D:1      | HP: 5/29 [poisoned by a goblin]
   730 | D:1      | Reached skill level 3 in Armour
   730 | D:1      | Succumbed to a goblin's poison

Vanquished Creatures
  A dart slug (D:1)
  3 bats (D:1)
  2 endoplasms (D:1)
  2 goblins (D:1)
  4 hobgoblins (D:1)
  9 jackals (D:1)
  A quokka (D:1)
  A ball python (D:1)
  2 frilled lizards (D:1)
  A kobold (D:1)
  2 rats (D:1)
28 creatures vanquished.

Table legend:
 A = Non-vault XP
 B = Vault XP
 C = Vault XP percentage of total XP
 D = Non-vault monster count
 E = Vault monster count
 F = Vault count percentage of total count
                 A         B        C        D         E       F
            +---------+---------+-------+---------+---------+-------
      Total |      51 |       0 |   0.0 |      28 |       0 |   0.0
            +---------+---------+-------+---------+---------+-------
        D:1 |      51 |       0 |   0.0 |      28 |       0 |   0.0
            +---------+---------+-------+---------+---------+-------

Illustrated notes

Table legend:
 A = Kills in this place as a percentage of kills in entire the game.
 B = Kills by you in this place as a percentage of kills by you in the entire game.
 C = Kills by friends in this place as a percentage of kills by friends in the entire game.
 D = Other kills in this place as a percentage of other kills in the entire game.
 E = Experience gained in this place as a percentage of experience gained in the entire game.
 F = Experience gained in this place divided by the number of levels of this place that you have seen.
                   A       B       C       D       E      F
               +-------+-------+-------+-------+-------+----------------------
         Total | 100.0 | 100.0 |   N/A |   N/A | 100.0 |  25.5
       Dungeon | 100.0 | 100.0 |   N/A |   N/A | 100.0 |  25.5
               +-------+-------+-------+-------+-------+----------------------

Table legend: (Time is in decaauts)
 A = Elapsed time spent in this place.
 B = Non-inter-level travel time spent in this place.
 C = Inter-level travel time spent in this place.
 D = Time resting spent in this place.
 E = Time spent auto-exploring this place.
 F = Levels seen in this place.
 G = Mean time per level.
                   A        B        C        D        E       F      G
               +--------+--------+--------+--------+--------+-----+--------+
         Total |    760 |    749 |     11 |      0 |    605 |   2 |  380.0 |
       Dungeon |    760 |    749 |     11 |      0 |    605 |   2 |  380.0 |
               +--------+--------+--------+--------+--------+-----+--------+

Top non-repeatable levels by time:
     D:1: 755 daAuts
     D:2: 4 daAuts
